 Dungeon Crawl Stone Soup version 0.29-a0-483-g69413ace17 (webtiles) character file.

Game seed: 10967745456635164049

285785 jfcaron the Fetichist (level 20, -2/159 HPs)
             Began as a Gnoll Artificer on May 25, 2022.
             Was the Champion of Dithmenos.
             Killed from afar by a deep elf zephyrmancer (19 damage)
             ... with a bolt of lightning
             ... on level 2 of the Elven Halls on May 26, 2022.
             The game lasted 03:37:41 (57593 turns).

jfcaron the Fetichist (Gnoll Artificer)            Turns: 57593, Time: 03:37:42

Health: -2/159     AC: 29    Str: 19    XL:     20   Next: 62%
Magic:  31/37      EV: 11    Int: 13    God:    Dithmenos [******]
Gold:   2011       SH: 18    Dex: 14    Spells: 26/46 levels left

rFire   + . .      SeeInvis +   a - +2 demon trident (elec)
rCold   + . .      Faith    .   u - +0 tower shield {rF+}
rNeg    . . .      Spirit   .   B - +1 shadow dragon scales
rPois   +          Reflect  .   M - +1 helmet {SInv}
rElec   .          Harm     .   k - +0 cloak
rCorr   +          Rampage  .   g - +1 pair of gloves {infuse}
Will    ++...                   n - +2 pair of boots Stlth ***+++++++
                                C - amulet of Circularity {RegenMP rC+ Will+ rCorr Str+2}
HPRegen 0.36/turn               K - +4 ring of slaying
MPRegen 0.65/turn               T - ring of poison resistance

@: wreathed by umbra, studying Conjurations
A: fangs 1, strong nose, distributed training
}: 2/15 runes: decaying, serpentine
a: Renounce Religion, Shadow Step, Shadow Form


You were on level 2 of the Elven Halls.
You worshipped Dithmenos.
Dithmenos was exalted by your worship.
You visited 7 branches of the dungeon, and saw 35 of its levels.
You also visited: Bailey and Volcano.

You collected 4478 gold pieces.
You spent 2467 gold pieces at shops.

Inventory:

Hand Weapons
 a - a +2 demon trident of electrocution (weapon)
 b - a +2 dagger of speed
 p - the +5 long sword "Dikooxt" {vorpal, Fly rElec Will++}
   (You bought it in a shop on level 2 of the Elven Halls)

   It inflicts extra damage upon your enemies.
   rElec:     It insulates you from electricity.
   Fly:       It grants you flight.
   Will:      It greatly increases your willpower.
 H - the +9 morningstar of the Fulmar {freeze, rN+ Int+6}
   (You took it off a deep elf archer on level 3 of the Elven Halls)

   It freezes those it strikes, dealing additional cold damage.
   It can also slow down cold-blooded creatures.
   Int:       It affects your intelligence (+6).
   rN:        It protects you from negative energy.
Missiles
 I - 2 silver boomerangs
 O - a boomerang of dispersal {!f}
 P - a throwing net {!f}
 Q - 9 javelins (quivered)
 Y - 3 atropa-tipped darts
 Z - 11 curare-tipped darts {!f}
Armour
 g - a +1 pair of gloves of infusion (worn)
 k - a +0 cloak (worn)
 n - a +2 pair of boots (worn)
 u - a +0 tower shield of fire resistance (worn)
 B - +1 shadow dragon scales (worn)
 M - a +1 helmet of see invisible (worn)
Jewellery
 C - the amulet of Circularity (around neck) {RegenMP rC+ Will+ rCorr Str+2}
   (You found it on level 3 of the Swamp)

   [amulet of magic regeneration]

   It increases your rate of magic regeneration.
   Str:       It affects your strength (+2).
   rC:        It protects you from cold.
   rCorr:     It protects you from acid and corrosion.
   Will:      It increases your willpower.
 K - a +4 ring of slaying (left hand)
 T - a ring of poison resistance (right hand)
Wands
 e - a wand of iceblast (11)
 l - a wand of acid (3)
 z - a wand of charming (19)
 A - a wand of digging (11)
 D - a wand of polymorph (7)
 L - a wand of paralysis (15)
Scrolls
 d - a scroll of summoning
 m - 6 scrolls of poison
 o - 3 scrolls of blinking
 q - 21 scrolls of teleportation
 r - 9 scrolls of fog
 t - 3 scrolls of magic mapping
 N - 2 scrolls of silence
 R - 6 scrolls of immolation
 S - 11 scrolls of vulnerability
 W - 4 scrolls of fear
Potions
 c - 3 potions of flight
 f - 3 potions of haste
 h - 6 potions of resistance
 j - 14 potions of curing
 s - 4 potions of lignification
 x - 7 potions of ambrosia
 y - 5 potions of magic
 G - 3 potions of might
 U - 6 potions of heal wounds
 V - 6 potions of cancellation
Miscellaneous
 i - a box of beasts
 v - a lightning rod (4/4)
 w - a phantom mirror (inert)
 F - a condenser vane (inert)
 J - a phial of floods
 X - a tin of tremorstones (inert)


   Skills:
 + Level 14.1 Fighting
 + Level 13.9 Short Blades
 + Level 13.9 Long Blades
 + Level 13.9 Axes
 + Level 13.9 Maces & Flails
 + Level 13.9 Polearms
 + Level 13.9 Staves
 + Level 13.9 Slings
 + Level 13.9 Bows
 + Level 13.9 Crossbows
 + Level 13.9 Throwing
 + Level 14.5 Armour
 + Level 14.1 Dodging
 + Level 14.1 Stealth
 + Level 13.9 Shields
 + Level 13.9 Unarmed Combat
 + Level 13.9 Spellcasting
 + Level 11.9 Conjurations
 + Level 11.8 Hexes
 + Level 11.8 Summonings
 + Level 11.8 Necromancy
 + Level 11.8 Translocations
 + Level 11.8 Transmutations
 + Level 11.8 Fire Magic
 + Level 11.8 Ice Magic
 + Level 11.8 Air Magic
 + Level 11.8 Earth Magic
 + Level 11.8 Poison Magic
 + Level 15.0 Invocations
 + Level 15.2 Evocations


You had 26 spell levels left.
You knew the following spells:

 Your Spells              Type           Power      Damage    Failure   Level
a - Blink                 Tloc           78%        N/A       2%          2
b - Ensorcelled Hibernat  Hex/Ice        78%        N/A       2%          2
c - Passwall              Tmut/Erth      32%        N/A       2%          2
d - Tukima's Dance        Hex            39%        N/A       4%          3
e - Ignite Poison         Fire/Tmut/Pois 39%        N/A       4%          3
f - Mephitic Cloud        Conj/Pois/Air  39%        N/A       4%          3
g - Wereblood             Tmut           39%        N/A       2%          2
h - Swiftness             Air            39%        N/A       4%          3

Your spell library contained the following spells:

 Spells                   Type           Power      Damage    Failure   Level
 Beastly Appendage        Tmut           78%        N/A       1%          1
 Magic Dart               Conj           100%       1d8       1%          1
 Sting                    Tmut/Pois      100%       1d8       1%          1
 Summon Small Mammal      Summ           100%       N/A       1%          1
 Poisonous Vapours        Pois/Air       78%        N/A       2%          2
 Searing Ray              Conj           80%        2d7       2%          2
 Sublimation of Blood     Necr           39%        N/A       2%          2
 Call Canine Familiar     Summ           39%        N/A       4%          3
 Lesser Beckoning         Tloc           39%        N/A       4%          3
 Portal Projectile        Hex/Tloc       78%        N/A       4%          3
 Spider Form              Tmut/Pois      39%        N/A       4%          3
 Summon Guardian Golem    Hex/Summ       39%        N/A       4%          3
 Anguish                  Hex/Necr       19%        N/A       14%         4
 Dispel Undead            Necr           39%        3d16      14%         4
 Fulminant Prism          Conj/Hex       19%        3d11      14%         4
 Hailstorm                Conj/Ice       39%        3d9       14%         4
 Ice Form                 Ice/Tmut       39%        N/A       14%         4
 Leda's Liquefaction      Hex/Erth       19%        N/A       14%         4
 Olgreb's Toxic Radiance  Pois           39%        N/A       14%         4
 Passage of Golubria      Tloc           39%        N/A       14%         4
 Irradiate                Conj/Tmut      19%        3d19      36%         5
 Alistair's Intoxication  Tmut/Pois      26%        N/A       38%         5
 Blade Hands              Tmut           19%        N/A       38%         5
 Borgnjor's Vile Clutch   Necr/Erth      19%        N/A       38%         5
 Freezing Cloud           Conj/Ice/Air   19%        6-21      38%         5
 Lee's Rapid Deconstruct  Erth           19%        3d12*     38%         5
 Manifold Assault         Tloc           39%        N/A       38%         5
 Silence                  Hex/Air        19%        N/A       38%         5
 Yara's Violent Unravell  Hex/Tmut       19%        3d9       38%         5
 Conjure Ball Lightning   Conj/Air       19%        3x3d6     91%         6
 Eringya's Noxious Bog    Tmut/Pois      19%        N/A       92%         6
 Simulacrum               Ice/Necr       19%        N/A       92%         6
 Statue Form              Tmut/Erth      26%        N/A       92%         6
 Dragon Form              Tmut           19%        N/A       100%        7
 Discord                  Hex            19%        N/A       100%        8
 Disjunction              Tloc           19%        N/A       100%        8
 Polar Vortex             Ice            19%        N/A       100%        9


Dungeon Overview and Level Annotations

Branches:
Dungeon (15/15)            Temple (1/1) D:4            Lair (6/6) D:10
  Swamp (4/4) Lair:2        Snake (4/4) Lair:2        Slime (0/5) Lair:5
    Orc (2/2) D:9             Elf (3/3) Orc:2        Vaults (0/5) D:14
 Depths (0/4) D:15         Bailey (visited)         Volcano (visited)

Altars:
Ashenzari
Cheibriados
Dithmenos
Elyvilon
Fedhas
Gozag
Hepliaklqana
Kikubaaqudgha
Makhleb
Nemelex Xobeh
Okawaru
Qazlal
Ru
Sif Muna
Trog
Uskayaw
Vehumet
Wu Jian
Xom
Yredelemnul
Zin
The Shining One
Beogh
Jiyva

Shops:
D:2 !   D:7 (   D:8 :   D:10 (   D:15 :   Orc:2 =([*   Elf:1 [   Elf:2 (=(
Snake:2 *

Annotations:
Lair:3 3 runed translucent doors, Taemeyri's ghost, journeyman DsMo
Lair:6 2 runed translucent doors, dabmancer's ghost, journeyman SpWz
Snake:4 broad axe of elec


Innate Abilities, Weirdness & Mutations

You have very sharp teeth.
Your uncanny sense of smell can sniff out nearby items.
Your experience applies equally to all skills.


Message History

Press: ? - help, Shift-Dir - straight line, f - deep elf zephyrmancer
Aim: a deep elf zephyrmancer, wielding a +0 rapier and wearing a +0 ring mail (lightly wounded, ally target, umbra, 69% to hit)
Okay, then.
Unknown command.
Casting: Tukima's Dance (mildly dangerous; 4% risk of failure)
Confirm with . or Enter, or press ? or * to list all spells.
Aiming: Tukima's Dance (mildly dangerous; 4% risk of failure)
Press: ? - help, Shift-Dir - straight line, f - deep elf zephyrmancer
Aim: a deep elf zephyrmancer, wielding a +0 rapier and wearing a +0 ring mail (lightly wounded, ally target, umbra, chance to affect: 49%)
The deep elf zephyrmancer resists with some effort.
Your +1 vampiric quick blade hits the deep elf zephyrmancer.
Your +1 vampiric quick blade is healed.
Your +1 vampiric quick blade misses the deep elf zephyrmancer.
The deep elf pyromancer casts a spell at you.
The sticky flame hits your +1 vampiric quick blade.
Your +1 vampiric quick blade completely resists.
Your +1 vampiric quick blade is covered in liquid flames!
Casting: Tukima's Dance (mildly dangerous; 4% risk of failure)
Confirm with . or Enter, or press ? or * to list all spells.
Aiming: Tukima's Dance (mildly dangerous; 4% risk of failure)
Press: ? - help, Shift-Dir - straight line, f/p - deep elf zephyrmancer
Aim: a deep elf zephyrmancer, wielding a +0 rapier and wearing a +0 ring mail (moderately wounded, umbra, chance to affect: 49%)
The deep elf zephyrmancer resists with some effort.
Your +1 vampiric quick blade closely misses the deep elf pyromancer.
Your +1 vampiric quick blade hits the deep elf pyromancer!
Your +1 vampiric quick blade is healed.
The deep elf pyromancer points at you and mumbles some strange words.
The sticky flame hits your +1 vampiric quick blade.
Your +1 vampiric quick blade resists.
Your +1 vampiric quick blade is covered in liquid flames!
The deep elf zephyrmancer points at you and mumbles some strange words.
The bolt of lightning hits you!!
* * * LOW HITPOINT WARNING * * *
Your +1 vampiric quick blade hits the deep elf pyromancer but does no damage.
Your +1 vampiric quick blade barely misses the deep elf pyromancer.
The deep elf pyromancer gestures wildly while chanting.
The deep elf pyromancer blinks!
The deep elf zephyrmancer gestures at you while chanting.
The bolt of lightning hits you!!
You die...

....#.......).)...# ...
...###....)#.....## ....
..## ##...#.#...## ....#
..## ####'''''#### #).§#
...###....§.§§..)###)e(##
....#.....§§.§....#))...##
..........§§§...§.).(..(.#
..........§§§...§§§§......
...............§@§§§......
.##....##.....##§§§§##...#
####..####.).####§§## .##
# #### ##### #### #


You could see a deep elf zephyrmancer and a friendly +1 vampiric quick blade
(summoned, burning, drained).

Vanquished Creatures
  Bai Suzhen (Snake:4)
  3 deep elf blademasters
  2 deep elf master archers (Elf:3)
  Agnes (Elf:1)
  Donald (Snake:4)
  Roxanne (Snake:4)
  6 nagarajas
  An orc warlord (Bailey)
  The ghost of Denysae the Thrower, a journeyman OgAr of Ashenzari (Lair:5)
  3 fenstrider witches
  3 deep elf sorcerers
  Aizul (Swamp:4)
  Louise (Elf:2)
  2 deep elf elementalists
  3 eleionomae
  A broodmother (shapeshifter) (Elf:3)
  A stone giant (D:10)
  6 slime creatures
  7 bunyips
  9 deep elf annihilators (Elf:3)
  5 deep elf demonologists
  7 deep elf death magi
  A yaktaur captain (D:10)
  2 deep elf high priests (Elf:3)
  2 vault guards (D:14)
  A boulder beetle (Orc:2)
  A salamander tyrant (Snake:4)
  A shambling mangrove (Swamp:4)
  17 hydras
  4 ice dragons
  An ogre mage (D:15)
  2 ghost crabs
  5 centaur warriors
  A death knight (D:12)
  6 two-headed ogres
  The ghost of turdburglar the Quickloader, a journeyman GnHu of Hepliaklqana (D:10)
  15 anacondas
  17 naga warriors
  3 death yaks (Lair:5)
  3 tengu warriors
  A hell hog (Volcano)
  Urug (Lair:1)
  10 alligators
  9 shock serpents
  13 naga sharpshooters
  6 spriggans
  Amaemon (Lair:1)
  2 fire crabs
  Lodul (D:12)
  4 salamander mystics (Snake:4)
  21 deep elf knights
  8 spriggan druids
  4 skeletal warriors
  2 goliath frogs (Swamp:2)
  6 bog bodies
  6 swamp dragons
  A sea snake (D:12)
  12 deep elf archers
  6 naga ritualists
  9 necromancers
  A harpy (D:10)
  2 wizards (D:14)
  A phantasmal warrior (D:12)
  20 deep elf zephyrmancers
  2 orc knights (D:10)
  29 deep elf pyromancers
  7 cyclopes
  17 ugly things
  3 manticores (D:11)
  9 mana vipers
  11 orc sorcerers
  6 elephants
  15 salamanders
  3 will-o-the-wisps
  A black mamba (shapeshifter) (D:13)
  2 centaur zombies (D:15)
  Maurice (D:13)
  2 molten gargoyles (Volcano)
  An orange demon (Lair:1)
  3 guardian serpents
  18 naga magi
  34 black mambas
  2 centaur skeletons (D:15)
  4 gargoyles
  9 komodo dragons
  21 cane toads
  Psyche (D:12)
  2 unseen horrors
  2 yaktaurs
  7 kobold demonologists
  A tengu conjurer (D:14)
  4 rime drakes
  6 freezing wraiths
  2 efreet
  5 trolls
  3 bloated husks
  8 hornets
  14 tyrant leeches
  7 dream sheep (Lair:5)
  29 blink frogs
  A blink frog (shapeshifter) (D:13)
  4 air elementals
  A shadow (D:9)
  3 wraiths
  A vampire (D:11)
  3 water elementals
  2 basilisks
  63 yaks
  6 fire elementals
  19 humans (D:14)
  5 fire bats
  6 wyverns
  2 steam dragons (Volcano)
  34 dancing weapons
  A large abomination (Elf:1)
  4 swamp worm simulacra (Swamp:4)
  13 swamp worms
  10 vampire mosquitoes
  16 hydra simulacra (Swamp:4)
  51 nagas
  5 wargs
  4 acid dragons
  A hell hound (Volcano)
  7 swamp drakes
  Duvessa (D:4)
  8 water moccasins
  A meliai simulacrum (D:15)
  29 orc warriors
  2 black bears (D:6)
  3 ice beasts
  A sky beast (D:7)
  The ghost of jujuben the Grasshopper, an amateur GnWr of Zin (D:4)
  9 wolves
  16 ogres
  An orc zombie (Orc:1)
  A boggart (D:8)
  5 centaurs
  9 kobold brigands
  2 gnoll sergeants (D:8)
  2 necrophages
  16 bullfrogs
  5 earth elementals
  2 cyclops zombies (Orc:1)
  6 scorpions
  A wyvern zombie (D:4)
  A troll zombie (Orc:1)
  3 wights
  Dowan (D:4)
  6 killer bees
  2 electric eels
  4 crimson imps (D:5)
  A bullfrog zombie (D:4)
  6 howler monkeys
  7 lava snakes (Volcano)
  2 jellies
  2 gnoll shamans
  A hound (D:4)
  8 orc priests
  A cyclops simulacrum (Orc:1)
  An iguana (D:7)
  6 hell rats (Lair:1)
  Natasha (thrice) (D:4)
  44 orc wizards
  2 troll simulacra (Orc:1)
  An ogre zombie (Orc:1)
  A mummy (D:4)
  19 gnolls
  6 adders
  A shadow imp (D:5)
  A white imp (D:5)
  An orc simulacrum (Orc:1)
  4 swamp drake simulacra (Swamp:4)
  3 ufetubi
  3 orc skeletons (Orc:1)
  2 worms
  3 dart slugs
  117 orcs
  7 ball pythons
  9 endoplasms
  3 giant cockroaches
  25 goblins
  27 hobgoblins
  4 jackals (D:1)
  30 kobolds
  3 quokkas
  4 bats
  A frilled lizard (D:5)
  7 rats
  17 foxfires
  42 fungi
  136 plants
  13 withered plants (D:2)
1561 creatures vanquished.

Notes
Turn   | Place    | Note
-------+----------+-------------------------------------------
     0 | D:1      | jfcaron the Gnoll Artificer began the quest for the Orb.
     0 | D:1      | Reached XP level 1. HP: 17/17 MP: 1/1
   199 | D:1      | Reached XP level 2. HP: 23/23 MP: 2/2
   806 | D:1      | Reached XP level 3. HP: 28/28 MP: 3/3
   964 | D:2      | HP: 5/28 [worm (7)]
  1226 | D:2      | Found a burning altar of Makhleb.
  1357 | D:2      | Reached skill level 1 in Invocations
  1724 | D:2      | Reached skill level 1 in Short Blades
  1724 | D:2      | Reached skill level 1 in Long Blades
  1724 | D:2      | Reached skill level 1 in Axes
  1724 | D:2      | Reached skill level 1 in Maces & Flails
  1724 | D:2      | Reached skill level 1 in Polearms
  1724 | D:2      | Reached skill level 1 in Staves
  1724 | D:2      | Reached skill level 1 in Slings
  1724 | D:2      | Reached skill level 1 in Bows
  1724 | D:2      | Reached skill level 1 in Crossbows
  1724 | D:2      | Reached skill level 1 in Throwing
  1724 | D:2      | Reached skill level 1 in Shields
  1724 | D:2      | Reached skill level 1 in Unarmed Combat
  1724 | D:2      | Reached skill level 1 in Spellcasting
  1731 | D:2      | Reached XP level 4. HP: 34/34 MP: 5/5
  1744 | D:2      | Found a faded altar of an unknown god.
  1975 | D:2      | Found Wunol's Distillery.
  2001 | D:2      | Bought a potion of curing for 36 gold pieces
  2001 | D:2      | Bought a potion of lignification for 36 gold pieces
  2688 | D:3      | Reached skill level 1 in Conjurations
  2688 | D:3      | Reached skill level 1 in Hexes
  2688 | D:3      | Reached skill level 1 in Summonings
  2688 | D:3      | Reached skill level 1 in Necromancy
  2688 | D:3      | Reached skill level 1 in Translocations
  2688 | D:3      | Reached skill level 1 in Transmutations
  2688 | D:3      | Reached skill level 1 in Fire Magic
  2688 | D:3      | Reached skill level 1 in Ice Magic
  2688 | D:3      | Reached skill level 1 in Air Magic
  2688 | D:3      | Reached skill level 1 in Earth Magic
  2688 | D:3      | Reached skill level 1 in Poison Magic
  2688 | D:3      | Reached XP level 5. HP: 35/40 MP: 6/6
  3237 | D:2      | Bought a potion of heal wounds for 60 gold pieces
  4120 | D:4      | Noticed an ogre
  4122 | D:4      | Killed an ogre
  4123 | D:4      | Reached XP level 6. HP: 47/47 MP: 8/8
  4250 | D:4      | Killed an ice beast
  4326 | D:4      | Reached skill level 5 in Armour
  4611 | D:4      | Learned a level 2 spell: Blink
  4987 | D:4      | Found a transporter.
  4990 | D:4      | Noticed jujuben's ghost (amateur GnWr)
  5231 | D:4      | Found a transporter.
  5400 | D:4      | Noticed Duvessa
  5401 | D:4      | Noticed Dowan
  5408 | D:4      | Killed Dowan
  5409 | D:4      | Reached XP level 7. HP: 52/52 MP: 10/10
  5444 | D:4      | Killed Duvessa
  5516 | D:4      | Noticed Natasha
  5520 | D:4      | Killed Natasha
  5544 | D:4      | Found a staircase to the Ecumenical Temple.
  5555 | Temple   | Entered the Ecumenical Temple
  5730 | Temple   | Became a worshipper of Dithmenos the Shadowed
  6029 | D:4      | Noticed Natasha
  6046 | D:4      | Killed Natasha
  6136 | D:4      | Found a transporter.
  6174 | D:4      | Noticed Natasha
  6188 | D:4      | Killed Natasha
  6229 | D:5      | Entered Level 5 of the Dungeon
  6433 | D:5      | Reached XP level 8. HP: 60/60 MP: 12/12
  6848 | D:5      | Found a shimmering altar of Xom.
  7470 | D:2      | Bought a potion of mutation for 96 gold pieces
  7545 | D:6      | Noticed Maggie
  7546 | D:6      | Noticed Maggie
  7546 | D:6      | Maggie changed into Maggie the fire bat
  7554 | D:6      | Killed Maggie the fire bat
  8495 | D:6      | Reached XP level 9. HP: 65/66 MP: 14/14
  9276 | D:7      | Reached skill level 5 in Fighting
  9276 | D:7      | Reached skill level 5 in Dodging
  9398 | D:7      | Found Gehyn's Antique Weapon Emporium.
  9513 | D:7      | Reached * piety under Dithmenos
  9597 | D:7      | Reached skill level 5 in Stealth
  9773 | D:8      | Found a flagged portal.
  9802 | D:8      | Reached skill level 5 in Invocations
  9848 | Bailey   | Entered a bailey
  9915 | Bailey   | Reached XP level 10. HP: 64/74 MP: 17/17
 10090 | Bailey   | Learned a level 2 spell: Ensorcelled Hibernation
 10093 | Bailey   | Learned a level 2 spell: Passwall
 10122 | Bailey   | Reached skill level 5 in Short Blades
 10122 | Bailey   | Reached skill level 5 in Long Blades
 10122 | Bailey   | Reached skill level 5 in Axes
 10122 | Bailey   | Reached skill level 5 in Maces & Flails
 10122 | Bailey   | Reached skill level 5 in Polearms
 10122 | Bailey   | Reached skill level 5 in Staves
 10122 | Bailey   | Reached skill level 5 in Slings
 10122 | Bailey   | Reached skill level 5 in Bows
 10122 | Bailey   | Reached skill level 5 in Crossbows
 10122 | Bailey   | Reached skill level 5 in Throwing
 10122 | Bailey   | Reached skill level 5 in Shields
 10122 | Bailey   | Reached skill level 5 in Unarmed Combat
 10122 | Bailey   | Reached skill level 5 in Spellcasting
 10195 | Bailey   | Reached ** piety under Dithmenos
 10290 | Bailey   | Noticed an orc warlord
 10306 | Bailey   | Killed an orc warlord
 10355 | Bailey   | Identified the +6 glaive "Death Rattle" {vorpal, Int+2
                  | Stlth+}
 10380 | Bailey   | Reached skill level 5 in Conjurations
 10380 | Bailey   | Reached skill level 5 in Hexes
 10380 | Bailey   | Reached skill level 5 in Summonings
 10380 | Bailey   | Reached skill level 5 in Necromancy
 10380 | Bailey   | Reached skill level 5 in Translocations
 10380 | Bailey   | Reached skill level 5 in Transmutations
 10380 | Bailey   | Reached skill level 5 in Fire Magic
 10380 | Bailey   | Reached skill level 5 in Ice Magic
 10380 | Bailey   | Reached skill level 5 in Air Magic
 10380 | Bailey   | Reached skill level 5 in Earth Magic
 10380 | Bailey   | Reached skill level 5 in Poison Magic
 10380 | Bailey   | Reached XP level 11. HP: 84/84 MP: 17/20
 10789 | D:8      | Found Muvve's Book Emporium.
 10810 | D:8      | Reached *** piety under Dithmenos
 11456 | D:7      | Bought a brightly glowing long sword for 238 gold pieces
 11456 | D:7      | Identified the +6 long sword of Uncertain Death {venom, rF+
                  | Str+5} (You bought it in a shop on level 7 of the Dungeon)
 12081 | D:9      | Found a staircase to the Orcish Mines.
 12442 | D:10     | Entered Level 10 of the Dungeon
 12699 | D:10     | Learned a level 3 spell: Tukima's Dance
 12861 | D:10     | Reached **** piety under Dithmenos
 12862 | D:10     | Reached XP level 12. HP: 91/91 MP: 18/22
 12981 | D:10     | Found a staircase to the Lair.
 12995 | D:10     | Found a runed translucent gate.
 12995 | D:10     | Found a runed translucent gate.
 12995 | D:10     | Found a runed translucent gate.
 12997 | D:10     | Found an opulent altar of Gozag.
 12997 | D:10     | Noticed a stone giant
 12998 | D:10     | Noticed turdburglar's ghost (journeyman GnHu)
 13054 | D:10     | Noticed a tengu warrior
 13054 | D:10     | Noticed a tengu warrior
 13075 | D:10     | Killed a tengu warrior
 13370 | D:10     | Found Suseem's Antique Weapon Emporium.
 13724 | D:10     | Noticed a centaur warrior
 13737 | D:10     | Killed a centaur warrior
 13768 | D:10     | Noticed a yaktaur captain
 13780 | D:10     | Noticed a centaur warrior
 13783 | D:10     | Killed a yaktaur captain
 13787 | D:10     | Noticed a centaur warrior
 13790 | D:10     | Noticed an ice dragon
 13795 | D:10     | Killed a centaur warrior
 13798 | D:10     | Killed an ice dragon
 13799 | D:10     | Reached skill level 10 in Evocations
 13805 | D:10     | Killed a centaur warrior
 14114 | Lair:1   | Entered Level 1 of the Lair of Beasts
 14501 | Lair:1   | Noticed Urug
 14517 | Lair:1   | Killed Urug
 14530 | Lair:1   | Noticed Amaemon
 14540 | Lair:1   | Killed Amaemon
 14599 | Lair:1   | Reached XP level 13. HP: 99/99 MP: 19/24
 15434 | Lair:2   | Reached ***** piety under Dithmenos
 15474 | Lair:2   | Found a dark tunnel.
 15485 | Volcano  | Entered a volcano
 15825 | Volcano  | Found a burning altar of Makhleb.
 16247 | Lair:2   | Found a staircase to the Swamp.
 16620 | Lair:2   | Found a staircase to the Snake Pit.
 17115 | Lair:3   | Found a runed translucent gate.
 17115 | Lair:3   | Found a runed translucent gate.
 17220 | Lair:3   | Found a runed translucent gate.
 17234 | Lair:3   | Noticed a minotaur
 17235 | Lair:3   | Noticed Taemeyri's ghost (journeyman DsMo)
 18267 | Lair:4   | Learned a level 3 spell: Ignite Poison
 18511 | Lair:4   | Reached skill level 10 in Armour
 18562 | Lair:4   | Reached XP level 14. HP: 99/108 MP: 21/26
 19435 | Lair:5   | Found a staircase to the Slime Pits.
 19436 | Lair:5   | Found a viscous altar of Jiyva.
 19674 | Lair:5   | Found a large runed translucent door.
 19674 | Lair:5   | Found a large runed translucent door.
 19776 | Lair:5   | Reached skill level 10 in Invocations
 20070 | Lair:5   | Noticed Denysae's ghost (journeyman OgAr)
 20224 | Lair:6   | Entered Level 6 of the Lair of Beasts
 20437 | Lair:6   | Reached ****** piety under Dithmenos
 21071 | Lair:6   | Reached skill level 10 in Fighting
 21071 | Lair:6   | Reached skill level 10 in Dodging
 21530 | Lair:6   | Reached skill level 10 in Stealth
 21765 | Lair:6   | Found a large runed translucent door.
 21765 | Lair:6   | Found a large runed translucent door.
 21766 | Lair:6   | Noticed dabmancer's ghost (journeyman SpWz)
 22283 | D:4      | Killed jujuben's ghost
 22699 | Orc:1    | Entered Level 1 of the Orcish Mines
 22940 | Orc:1    | Reached XP level 15. HP: 57/114 MP: 25/28
 23886 | Orc:2    | Entered Level 2 of the Orcish Mines
 23915 | Orc:2    | Found a staircase to the Elven Halls.
 24296 | Orc:2    | Found Lagrian's Antique Armour Shop.
 24321 | Orc:2    | Found Diygontozu's Assorted Antiques.
 24351 | Orc:2    | Bought a scroll labelled QAMIFE KOERYNT for 25 gold pieces
 24351 | Orc:2    | Bought a scroll of identify for 50 gold pieces
 24373 | Orc:2    | Paralysed by an orc sorcerer for 2 turns
 24411 | Orc:2    | Paralysed by an orc sorcerer for 5 turns
 24429 | Orc:2    | Paralysed by an orc sorcerer for 2 turns
 24442 | Orc:2    | Reached skill level 10 in Short Blades
 24442 | Orc:2    | Reached skill level 10 in Long Blades
 24442 | Orc:2    | Reached skill level 10 in Axes
 24442 | Orc:2    | Reached skill level 10 in Maces & Flails
 24442 | Orc:2    | Reached skill level 10 in Polearms
 24442 | Orc:2    | Reached skill level 10 in Staves
 24442 | Orc:2    | Reached skill level 10 in Slings
 24442 | Orc:2    | Reached skill level 10 in Bows
 24442 | Orc:2    | Reached skill level 10 in Crossbows
 24442 | Orc:2    | Reached skill level 10 in Throwing
 24442 | Orc:2    | Reached skill level 10 in Shields
 24442 | Orc:2    | Reached skill level 10 in Unarmed Combat
 24442 | Orc:2    | Reached skill level 10 in Spellcasting
 24720 | Orc:2    | Found Zeqyong's Jewellery Shop.
 24720 | Orc:2    | Found Oddumoki's Weapon Shoppe.
 24932 | Orc:2    | Paralysed by an orc sorcerer for 4 turns
 25776 | Orc:2    | Bought a wand of acid (6) for 200 gold pieces
 25785 | Orc:2    | Bought a glowing buckler for 225 gold pieces
 25821 | Orc:2    | Learned a level 3 spell: Mephitic Cloud
 25851 | Orc:2    | Bought a ring of protection from cold for 400 gold pieces
 27212 | D:12     | Noticed Lodul
 27218 | D:12     | Killed Lodul
 27669 | D:12     | HP: 22/117 [freezing wraith[a death knight] (23)]
 28081 | D:12     | Noticed Psyche
 28085 | D:12     | Killed Psyche
 28518 | D:13     | Noticed Maurice
 28525 | D:13     | Killed Maurice
 29348 | D:14     | Reached XP level 16. HP: 124/124 MP: 24/30
 29583 | D:14     | Found a gate to the Vaults.
 29864 | D:14     | Found an ornate altar of the Wu Jian Council.
 30378 | D:15     | Entered Level 15 of the Dungeon
 31072 | D:15     | Found a staircase to the Depths.
 31289 | D:15     | Found Raucli's Book Boutique.
 31832 | D:10     | Killed turdburglar's ghost
 32073 | Lair:5   | Killed Denysae's ghost
 32169 | Lair:6   | Upgraded the game from 0.29-a0-477-g62b78b4225 to
                  | 0.29-a0-483-g69413ace17
 32276 | Swamp:1  | Entered Level 1 of the Swamp
 33005 | Swamp:2  | Noticed a fenstrider witch
 33015 | Swamp:2  | Killed a fenstrider witch
 33441 | Swamp:2  | Reached XP level 17. HP: 132/132 MP: 32/32
 33943 | Swamp:3  | Identified the amulet of Circularity {RegenMP rC+ Will+
                  | rCorr Str+2}
 34682 | Swamp:3  | Paralysed by a fenstrider witch for 2 turns
 35148 | Swamp:3  | Identified the +1 crystal plate armour of Compression {rF-
                  | rN+++ Regen+ Str-4}
 35507 | Swamp:4  | Entered Level 4 of the Swamp
 36580 | Swamp:4  | HP: 26/133 [tyrant leech (13)]
 36914 | Swamp:4  | Noticed Aizul
 36940 | Swamp:4  | Killed Aizul
 36944 | Swamp:4  | HP: 26/133 [poisoned by Aizul (poison arrow)]
 37192 | Swamp:4  | HP: 24/133 [alligator (17)]
 37499 | Swamp:4  | Reached skill level 10 in Conjurations
 37499 | Swamp:4  | Reached skill level 10 in Hexes
 37499 | Swamp:4  | Reached skill level 10 in Summonings
 37499 | Swamp:4  | Reached skill level 10 in Necromancy
 37499 | Swamp:4  | Reached skill level 10 in Translocations
 37499 | Swamp:4  | Reached skill level 10 in Transmutations
 37499 | Swamp:4  | Reached skill level 10 in Fire Magic
 37499 | Swamp:4  | Reached skill level 10 in Ice Magic
 37499 | Swamp:4  | Reached skill level 10 in Air Magic
 37499 | Swamp:4  | Reached skill level 10 in Earth Magic
 37499 | Swamp:4  | Reached skill level 10 in Poison Magic
 40629 | Swamp:4  | Got a decaying rune of Zot
 41063 | Snake:1  | Entered Level 1 of the Snake Pit
 42413 | Snake:1  | Reached XP level 18. HP: 135/141 MP: 25/34
 44076 | Snake:2  | Found a bloodstained altar of Trog.
 44509 | Snake:2  | Found Oxyv's Overcharged Wands.
 46069 | Snake:4  | Entered Level 4 of the Snake Pit
 46215 | Snake:4  | Noticed Roxanne
 46454 | Snake:4  | Noticed Donald
 46460 | Snake:4  | Killed Donald
 46521 | Snake:4  | Killed Roxanne
 46754 | Snake:4  | Noticed Bai Suzhen
 46795 | Snake:4  | HP: 5/143 [Bai Suzhen/torrent of water (50)]
 46795 | Snake:4  | HP: 2/143 [constriction (3)]
 46802 | Snake:4  | Killed Bai Suzhen
 46975 | Snake:4  | Reached XP level 19. HP: 129/149 MP: 29/35
 47061 | Snake:4  | HP: 29/149 [salamander mystic/lance of force (27)]
 49404 | Snake:4  | Got a serpentine rune of Zot
 49958 | Orc:2    | Learned a level 2 spell: Wereblood
 49962 | Orc:2    | Learned a level 3 spell: Swiftness
 49963 | Elf:1    | Entered Level 1 of the Elven Halls
 50329 | Elf:1    | Found Wiaduliag's Armour Shoppe.
 50345 | Elf:1    | Bought a +1 helmet of see invisible for 214 gold pieces
 51436 | Elf:1    | Got the Catalogue of Dark Magic
 51500 | Elf:1    | Noticed Agnes
 51506 | Elf:1    | Killed Agnes
 51779 | Elf:2    | Paralysed by an air elemental for 1 turns
 52232 | Elf:2    | Found Dacerilu's Antique Weapon Shop.
 52365 | Elf:2    | Found Dizidec's Antique Weapon Shop.
 52373 | Elf:2    | Found Qacempemno's Jewellery Boutique.
 52381 | Elf:2    | Bought a ring of willpower for 425 gold pieces
 52498 | Elf:2    | Found a huge runed translucent gate.
 52498 | Elf:2    | Found a huge runed translucent gate.
 52498 | Elf:2    | Found a huge runed translucent gate.
 52498 | Elf:2    | Found a huge runed translucent gate.
 52500 | Elf:2    | Found a huge runed translucent gate.
 53026 | Elf:3    | Entered Level 3 of the Elven Halls
 53953 | Elf:3    | Reached XP level 20. HP: 150/158 MP: 34/37
 54813 | Elf:3    | Reached skill level 15 in Evocations
 55092 | Elf:3    | Identified the ring of Neurosis {rC+ Str+4}
 55217 | Elf:3    | Identified the +9 flail "Lown" {holy, rF+ Str+4}
 55217 | Elf:3    | Identified the +4 leather armour of Xoguwuud {Slay+2}
 55379 | Elf:3    | Identified the +9 morningstar of the Fulmar {freeze, rN+
                  | Int+6}
 55681 | Elf:3    | Identified the +8 quarterstaff "Goamaocs" {freeze, +Blink
                  | rN+ Str-4 Int+4}
 56253 | Elf:3    | Paralysed by an air elemental for 1 turns
 56328 | Elf:3    | Identified the ring "Xifut" {rC+ Stlth+}
 56828 | Elf:3    | Got the Tome of the Captivating Voyage
 57000 | Elf:2    | Bought a slimy spear for 224 gold pieces
 57000 | Elf:2    | Identified the +10 spear "Qifiqot" {vorpal, rN+ rCorr SInv}
                  | (You bought it in a shop on level 2 of the Elven Halls)
 57002 | Elf:2    | Bought a smoking long sword for 238 gold pieces
 57002 | Elf:2    | Identified the +5 long sword "Dikooxt" {vorpal, Fly rElec
                  | Will++} (You bought it in a shop on level 2 of the Elven
                  | Halls)
 57205 | Elf:2    | Noticed Louise
 57213 | Elf:2    | Killed Louise
 57328 | Elf:2    | Reached skill level 15 in Invocations
 57570 | Elf:2    | HP: 22/159 [+1 war axe of flaming (15)]
 57576 | Elf:2    | HP: 27/159 [+1 war axe of flaming (12)]
 57592 | Elf:2    | HP: 17/159 [deep elf zephyrmancer/bolt of lightning (22)]
 57593 | Elf:2    | Killed from afar by a deep elf zephyrmancer

Illustrated notes

Levels and vault maps discovered:
D:1:      grunt_arrival_lava_bath, layout_basic, minivault_24, st_stairs_12,
          hex_large
D:2:      cheibrodos_greedy_goblins, layout_loops_ring, basic_altar,
          serial_shops, nicolae_square_shop,
          shapermc_ecumenical_altar_flowoftime
D:3:      layout_basic
D:4:      layout_loops_ring, lemuel_temple_firewalk_a,
          gammafunk_ghost_mausoleum, minmay_starry_boxes, uniq_duvessa,
          uniq_natasha
D:5:      layout_loops_ring, led_xom_imps, minivault_4
D:6:      layout_loops_ring, uniq_maggie
D:7:      layout_basic, serial_shops, kennysheep_mini
D:8:      layout_cave_pods, special_room [special_room_orc], enter_bailey_2,
          serial_shops, nicolae_lakefront_shop
D:9:      layout_roguey, david_orc_5
D:10:     minmay_sliced_demisemicircle, layout_stronghold,
          erik_lair_orcish_takeover, ebering_ghost_gozag, serial_shops, shop
D:11:     layout_loops_corners
D:12:     layout_roguey, beargit_elvish_explorers, uniq_lodul, uniq_psyche
D:13:     layout_rooms, uniq_maurice
D:14:     layout_loops_ring, grunt_vaults_entry_tiered,
          nzn_wu_jian_contemplation
D:15:     grunt_enter_depths_magical_seal, layout_irregular_city,
          grunt_decor_fettered, serial_shops, nicolae_shop_crystal
Temple:   kilobyte_greek_temple
Lair:1:   layout_gridlike, serial_bayou, serial_bayou_lagoon_a,
          serial_bayou_shore_a, serial_bayou_pond_d, serial_bayou_pond_d,
          serial_bayou_pond_c, infiniplex_staircase_pool, lemuel_fruit_tree,
          uniq_amaemon, uniq_urug
Lair:2:   layout_concentric_octagons, skrybe_swamp_entry_bodies,
          guppyfry_snake_entry_garden, nicolae_volcano_entry_s_turn
Lair:3:   layout_chaotic_city, maelrawn_ghost_gauntlet_escape
Lair:4:   layout_small_grid, grunt_megastairs_2
Lair:5:   layout_roguey, slime_altar_1, ebering_ghost_disaster_area
Lair:6:   minmay_lair_end_frog_pond, layout_hall_layers,
          ebering_ghost_disaster_area
Swamp:1:  layout_basic_swamp, nicolae_swamp_trees_clearing, swamp_pool3
Swamp:2:  layout_falls_marsh, hangedman_swamp_ruin_wall, swamp_pool3
Swamp:3:  nzn_winding_woodlands_cross [nzn_winding_woodlands_5x15_concentric,
          nzn_winding_woodlands_5x15_garden,
          nzn_winding_woodlands_5x15_lazy_stream,
          nzn_winding_woodlands_5x15_pathside_ponds,
          nzn_winding_woodlands_15x15_witchcraft], layout_basic_swamp,
          evilmike_swamp_ruin_house_5, swamp_pool2
Swamp:4:  swamp_icy, layout_basic_swamp, swamp_pool5, uniq_aizul
Snake:1:  layout_layer_cave, hangedman_corner_corridor
Snake:2:  layout_misc_corridors, basic_altar, nicolae_shop_overcharged_wands,
          grunt_megastairs_4
Snake:3:  layout_misc_corridors, drop_trap, nicolae_snake_guarding_the_ruins
Snake:4:  snake_pit, layout_misc_corridors, uniq_donald, uniq_roxanne,
          uniq_bai_suzhen
Orc:1:    dreamdust_under_siege, layout_caves, serial_shops
Orc:2:    st_orc_town, layout_caves, rock_pile
Elf:1:    layout_geoelf_grid, serial_shops, shop, minmay_elf_necromancy,
          uniq_agnes
Elf:2:    elven_hall_of_blades_hangedman_alternative
          [mumra_blade_entry_bloodbath], layout_gridlike, serial_shops,
          nicolae_shop_crystal, minmay_shoptagon, uniq_louise
Elf:3:    grunt_elf_hall_diamonds, layout_onion_city

Skill      XL: |  1  2  3  4  5  6  7  8  9 10 11 12 13 14 15 16 17 18 19 20 |
---------------+-------------------------------------------------------------+-----
Invocations    | 1 2 3 4 5 7 8 9 10 11 12 13 14 15 | 15.0
Short Blades   | 1 2 3 4 6 7 8 9 10 11 12 13 | 13.9
Long Blades    | 1 2 3 4 6 7 8 9 10 11 12 13 | 13.9
Axes           | 1 2 3 4 6 7 8 9 10 11 12 13 | 13.9
Maces & Flails | 1 2 3 4 6 7 8 9 10 11 12 13 | 13.9
Polearms       | 1 2 3 4 6 7 8 9 10 11 12 13 | 13.9
Staves         | 1 2 3 4 6 7 8 9 10 11 12 13 | 13.9
Slings         | 1 2 3 4 6 7 8 9 10 11 12 13 | 13.9
Bows           | 1 2 3 4 6 7 8 9 10 11 12 13 | 13.9
Crossbows      | 1 2 3 4 6 7 8 9 10 11 12 13 | 13.9
Throwing       | 1 2 3 4 6 7 8 9 10 11 12 13 | 13.9
Shields        | 1 2 3 4 6 7 8 9 10 11 12 13 | 13.9
Unarmed Combat | 1 2 3 4 6 7 8 9 10 11 12 13 | 13.9
Spellcasting   | 1 2 3 4 6 7 8 9 10 11 12 13 | 13.9
Conjurations   | 1 2 3 4 5 6 7 8 9 10 11 | 11.9
Hexes          | 1 2 3 4 5 6 7 8 9 10 11 | 11.8
Summonings     | 1 2 3 4 5 6 7 8 9 10 11 | 11.8
Necromancy     | 1 2 3 4 5 6 7 8 9 10 11 | 11.8
Translocations | 1 2 3 4 5 6 7 8 9 10 11 | 11.8
Transmutations | 1 2 3 4 5 6 7 8 9 10 11 | 11.8
Fire Magic     | 1 2 3 4 5 6 7 8 9 10 11 | 11.8
Ice Magic      | 1 2 3 4 5 6 7 8 9 10 11 | 11.8
Air Magic      | 1 2 3 4 5 6 7 8 9 10 11 | 11.8
Earth Magic    | 1 2 3 4 5 6 7 8 9 10 11 | 11.8
Poison Magic   | 1 2 3 4 5 6 7 8 9 10 11 | 11.8
Fighting       | 3 4 5 7 8 9 10 11 12 13 14 | 14.1
Dodging        | 3 4 5 7 8 9 10 11 12 13 14 | 14.1
Stealth        | 3 4 5 6 7 8 9 10 11 12 13 14 | 14.1
Armour         | 5 6 8 9 10 11 12 13 14 | 14.5
Evocations     | 7 8 9 10 11 12 13 14 15 | 15.2

Action                   |  1- 3 |  4- 6 |  7- 9 | 10-12 | 13-15 | 16-18 | 19-21 || total
-------------------------+-------+-------+-------+-------+-------+-------+-------++-------
Melee: Club              |    16 |       |       |       |       |       |       ||    16
       Bite              |    19 |    35 |    44 |    39 |   174 |   179 |    85 ||   575
       Dagger            |   127 |   138 |       |     5 |     8 |    10 |    13 ||   301
       Punch             |       |     6 |    12 |     6 |       |       |       ||    24
       Rapier            |       |   120 |   186 |       |       |       |       ||   306
       Unarmed           |       |       |    11 |       |       |       |       ||    11
       Morningstar       |       |       |    63 |       |       |       |       ||    63
       Hand axe          |       |       |    76 |       |    14 |       |       ||    90
       Spear             |       |       |    14 |    94 |       |       |       ||   108
       Staff             |       |       |     8 |       |       |       |       ||     8
       Long sword        |       |       |       |   308 |   984 |   551 |     5 ||  1848
       Glaive            |       |       |       |    71 |       |       |       ||    71
       Scimitar          |       |       |       |       |       |    40 |       ||    40
       Demon whip        |       |       |       |       |       |   528 |   574 ||  1102
       Demon trident     |       |       |       |       |       |       |    36 ||    36
Throw: Stone             |    55 |   155 |   141 |    12 |    55 |       |       ||   418
       Dart              |       |       |    30 |       |   133 |   192 |   156 ||   511
       Boomerang         |       |       |    10 |   101 |   196 |   278 |     7 ||   592
       Javelin           |       |       |       |       |    11 |   121 |    56 ||   188
 Cast: Blink             |       |       |    14 |       |       |     2 |     4 ||    20
       Ignite Poison     |       |       |       |       |     5 |     5 |    13 ||    23
       Tukima's Dance    |       |       |       |       |    13 |    27 |    81 ||   121
       Mephitic Cloud    |       |       |       |       |     5 |     5 |    17 ||    27
Invok: Shadow Step       |       |       |       |     1 |       |       |     2 ||     3
Evoke: Wand              |    11 |    12 |    34 |    20 |    55 |    34 |    18 ||   184
       Box of beasts     |       |       |       |     1 |       |     4 |     1 ||     6
       Phial of floods   |       |       |       |     1 |       |       |       ||     1
       Tin of tremorston |       |       |       |       |     9 |     8 |     8 ||    25
       Lightning rod     |       |       |       |       |     9 |    25 |    20 ||    54
       Condenser vane    |       |       |       |       |     1 |     3 |     2 ||     6
       Phantom mirror    |       |       |       |       |       |       |     1 ||     1
  Use: Scroll            |       |     8 |     5 |     3 |    15 |     3 |     1 ||    35
       Potion            |       |       |     3 |     1 |       |     3 |     2 ||     9
 Stab: Paralysed         |       |       |    10 |     5 |     9 |     7 |     3 ||    34
       Sleeping          |       |       |     1 |       |     6 |     3 |     7 ||    17
       Distracted        |       |       |     1 |       |       |     1 |     3 ||     5
       Confused          |       |       |       |       |       |     2 |     4 ||     6
Armor: Chain mail        |    81 |   115 |       |    91 |   314 |   216 |       ||   817
       Leather armour    |     1 |       |       |       |       |       |       ||     1
       Scale mail        |       |     6 |   129 |    69 |    42 |       |       ||   246
       Steam dragon scal |       |       |     5 |       |       |       |       ||     5
       Crystal plate arm |       |       |       |       |       |   256 |       ||   256
       Storm dragon scal |       |       |       |       |       |     1 |   156 ||   157
       Shadow dragon sca |       |       |       |       |       |       |    18 ||    18
Dodge: Dodged            |    34 |    72 |   209 |   295 |   565 |   401 |   154 ||  1730
Block: Buckler           |       |       |       |    51 |    91 |   184 |       ||   326
       Kite shield       |       |       |       |    81 |   410 |       |       ||   491
       Tower shield      |       |       |       |       |       |   465 |   427 ||   892

Table legend: (Time is in decaauts)
 A = Elapsed time spent in this place.
 B = Non-inter-level travel time spent in this place.
 C = Inter-level travel time spent in this place.
 D = Time resting spent in this place.
 E = Time spent auto-exploring this place.
 F = Levels seen in this place.
 G = Mean time per level.
                   A        B        C        D        E       F      G
               +--------+--------+--------+--------+--------+-----+--------+
         Total |  57729 |  51912 |   5817 |  15555 |  24127 |  37 | 1560.2 |
       Dungeon |  20542 |  17838 |   2704 |   3382 |  10304 |  15 | 1369.5 |
        Temple |    215 |    150 |     65 |      0 |    145 |   1 |  215.0 |
          Lair |   8778 |   7180 |   1598 |    909 |   4751 |   6 | 1463.0 |
         Swamp |   8980 |   8393 |    587 |   4421 |   2505 |   4 | 2245.0 |
     Snake Pit |   8044 |   7814 |    230 |   3135 |   2815 |   4 | 2011.0 |
  Orcish Mines |   2548 |   2165 |    383 |    431 |    763 |   2 | 1274.0 |
   Elven Halls |   7497 |   7250 |    247 |   3091 |   2612 |   3 | 2499.0 |
        Bailey |    572 |    572 |      0 |    138 |     98 |   1 |  572.0 |
       Volcano |    550 |    550 |      0 |     44 |    134 |   1 |  550.0 |
               +--------+--------+--------+--------+--------+-----+--------+

Top non-repeatable levels by time:
 Swamp:4: 5142 daAuts
   Elf:3: 3515 daAuts
 Snake:4: 3246 daAuts
   Elf:2: 2321 daAuts
     D:4: 2241 daAuts
 Snake:1: 2176 daAuts
    D:10: 2173 daAuts
 Swamp:3: 2131 daAuts
  Lair:5: 2068 daAuts
   Elf:1: 1661 daAuts
     D:3: 1658 daAuts
     D:2: 1632 daAuts
  Lair:1: 1578 daAuts
  Lair:2: 1576 daAuts
    D:14: 1433 daAuts
